 Dungeon Crawl Stone Soup version 0.25-a0-690-g234afa57d4 (webtiles) character file.

Game seed: 694213985247792568, levelgen mode: deterministic

55 Laiders72 the Firebug (level 3, -3/26 HPs)
             Began as a Draconian Fire Elementalist on Mar 30, 2020.
             Slain by Crazy Yiuf
             ... wielding a +2 quarterstaff of chaos
              (8 damage)
             ... on level 2 of the Dungeon.
             The game lasted 00:07:27 (1912 turns).

Laiders72 the Firebug (Draconian Fire Elementalist) Turns: 1912, Time: 00:07:27

Health: -3/26      AC:  5    Str: 10    XL:     3   Next: 67%
Magic:  6/7        EV: 12    Int: 16    God:
Gold:   117        SH:  0    Dex: 11    Spells: 6/7 levels left

rFire    . . .     SeeInvis .   e - +0 hand axe
rCold    . . .     Gourm    .   (no shield)
rNeg     . . .     Faith    .   (armour unavailable)
rPois    .         Spirit   .   (helmet restricted)
rElec    .         Reflect  .   (no cloak)
rCorr    .         Harm     .   (no gloves)
MR       .....                  (no boots)
Stlth    ++........             (no amulet)
HPRegen  0.08/turn              (no ring)
MPRegen  0.10/turn              (no ring)

@: no status effects
A: unfitting armour, cold-blooded, AC +5
a: no special abilities


You were on level 2 of the Dungeon.
You were hungry.

You visited 1 branch of the dungeon, and saw 2 of its levels.

You collected 117 gold pieces.

Inventory:

Hand Weapons
 e - a +0 hand axe (weapon)
Missiles
 c - 8 poisoned darts (quivered)
Jewellery
 a - an uncursed amulet of faith
Scrolls
 f - 2 scrolls of enchant armour
 k - a scroll of identify {unknown}
 l - a scroll of teleportation {unknown}
Potions
 d - a potion of lignification {unknown}
 g - a potion of brilliance {unknown}
 h - a potion of curing {unknown}
 i - a potion of flight {unknown}
 m - a potion of haste {unknown}
 n - a potion of stabbing {unknown}
Comestibles
 b - 2 rations


   Skills:
 - Level 1.7 Dodging
 - Level 1.7 Stealth
 + Level 2.7 Spellcasting
 + Level 2.2 Conjurations
 + Level 3.6 Fire Magic


You had 6 spell levels left.
You knew the following spells:

 Your Spells              Type           Power        Failure   Level  Hunger
a - Foxfire               Conj/Fire      ##..         6%          1    #......

Your spell library contained the following spells:

 Spells                   Type           Power        Failure   Level  Hunger
 Conjure Flame            Conj/Fire      ##......     17%         3    ###....
 Inner Flame              Hex/Fire       #.......     28%         3    ###....
 Sticky Flame             Conj/Fire      ##......     50%         4    #####..
 Fireball                 Conj/Fire      ##........   85%         5    ######.


Dungeon Overview and Level Annotations

Branches:
Dungeon (2/15)

Altars:

Annotations:
D:2 Crazy Yiuf


Innate Abilities, Weirdness & Mutations

Your plain brown scales are hard. (AC +5)
You cannot fit into any form of body armour.
You are cold-blooded and may be slowed by cold attacks.


Message History

There is a stone staircase leading up here.
Crazy Yiuf yells, "Leather hand light!"
Crazy Yiuf says, "Powder!
Earwax chair green."
Casting: Foxfire (safe; 6% risk of failure)
Confirm with . or Enter, or press ? or * to list all spells.
You conjure some foxfire!
Crazy Yiuf closely misses you.
Your foxfire dissipates!
Crazy Yiuf grits, "Tonal!"
Casting: Foxfire (safe; 6% risk of failure)
Confirm with . or Enter, or press ? or * to list all spells.
You conjure some foxfire!
Crazy Yiuf grits, "You aubergine disdain!"
Crazy Yiuf misses you.
The foxfire hits Crazy Yiuf.
Crazy Yiuf is lightly wounded.
The foxfire hits Crazy Yiuf.
Crazy Yiuf is lightly wounded.
Crazy Yiuf closely misses you.
Crazy Yiuf hits you with a +2 quarterstaff of chaos!
You die...

######### #.......# # #.#####.# #
############.# #.# #
#........@.#.# #.# ####
########>########g#.#####.####...
.........# #............).#.
########.# ###.#####....<..#
########.####### #.# ######...
##.............# #.# ###...#.
##.#####.#####.# ##.## ###...#.#.
#.# ##.#####.###...###...#.#.#.
#.# #...............##..#######


You could see Crazy Yiuf.

Vanquished Creatures
  An adder (D:2)
  A worm (D:2)
  A dart slug (D:2)
  A ball python (D:2)
  5 bats
  9 giant cockroaches
  A goblin (D:1)
  7 hobgoblins
  A quokka (D:2)
  A frilled lizard (D:2)
  2 kobolds
  6 rats
36 creatures vanquished.

Vanquished Creatures (others)
  30 foxfires
30 creatures vanquished.

Grand Total: 66 creatures vanquished

Notes
Turn   | Place    | Note
-------+----------+-------------------------------------------
     0 | D:1      | Laiders72 the Draconian Fire Elementalist began the quest
                  | for the Orb.
     0 | D:1      | Reached XP level 1. HP: 14/14 MP: 3/3
   237 | D:1      | Reached XP level 2. HP: 20/20 MP: 3/5
  1111 | D:2      | Found a runed translucent door,
  1112 | D:2      | Noticed Crazy Yiuf
  1150 | D:2      | Reached XP level 3. HP: 26/26 MP: 6/6
  1859 | D:2      | HP: 1/26 [Crazy Yiuf/+2 quarterstaff of chaos (12)]
  1912 | D:2      | Slain by Crazy Yiuf

Levels and vault maps discovered:
D:1:      minmay_arrival_up_and_down, layout_loops_ring
D:2:      layout_loops_ring, minmay_worlds_worst_comb, uniq_crazy_yiuf_cottage

Skill      XL: |  1  2  3 |
---------------+----------+-----
Conjurations   | 2 |  2.2
Dodging        | |  1.7
Stealth        | |  1.7
Spellcasting   | |  2.7
Fire Magic     | |  3.6

Action                   || total
-------------------------++-------
Melee: Unarmed           ||     1
       Hand axe          ||    82
       Club              ||    14
       Tailslap          ||    10
 Cast: Foxfire           ||    25
  Use: Scroll            ||     1
  Eat: Chunk             ||     3
Armor: Skin              ||    46
Dodge: Dodged            ||    89

Table legend:
 A = Non-vault XP
 B = Vault XP
 C = Vault XP percentage of total XP
 D = Non-vault monster count
 E = Vault monster count
 F = Vault count percentage of total count
                 A         B        C        D         E       F
            +---------+---------+-------+---------+---------+-------
      Total |      67 |      12 |  15.2 |      30 |       6 |  16.7
            +---------+---------+-------+---------+---------+-------
        D:1 |      17 |       0 |   0.0 |      10 |       0 |   0.0
        D:2 |      50 |      12 |  19.4 |      20 |       6 |  23.1
            +---------+---------+-------+---------+---------+-------
